 Dungeon Crawl Stone Soup version 0.18.1-50-g88ac8fd (webtiles) character file.

156 Vatticson the Cudgeler (level 5, -2/45 HPs)
             Began as a Minotaur Berserker on Oct 12, 2016.
             Was a Believer of Trog.
             Slain by varam's ghost (6 damage)
             ... on level 3 of the Dungeon.
             The game lasted 00:08:53 (2094 turns).

Vatticson the Cudgeler (Minotaur Berserker)         Turns: 2094, Time: 00:08:53

Health: -2/45      AC:  3    Str: 22    XL:     5   Next: 15%
Magic:  4/4        EV: 12    Int:  4    God:    Trog [**....]
Gold:   81         SH:  0    Dex: 10    Spells: 0 memorised, 4 levels left

rFire  . . .     SeeInvis .     a - +0 mace
rCold  . . .     Gourm    .     d - +0 leather armour
rNeg   . . .     Faith    .     (no shield)
rPois  .         Spirit   .     (helmet restricted)
rElec  .         Dismiss  .     (no cloak)
rCorr  +         Reflect  .     (no gloves)
SustAt +         Harm     .     (no boots)
MR     ++...                    (no amulet)
Stlth  ..........               i - ring of resist corrosion
                                e - ring of sustain attributes

@: confused, lethally poisoned (-2 -> -3), very slightly contaminated,
regenerating, hasted, very quick, very resistant to hostile enchantments,
extremely unstealthy
A: retaliatory headbutt, horns 2
a: Berserk, Trog's Hand, Burn Spellbooks, Renounce Religion


You were on level 3 of the Dungeon.
You worshipped Trog.
Trog was pleased with you.
You were hungry.

You visited 1 branch of the dungeon, and saw 3 of its levels.

You collected 81 gold pieces.

Inventory:

Hand Weapons
 a - a +0 mace (weapon)
Missiles
 h - 38 stones (quivered)
Armour
 b - a +0 animal skin
 d - a +0 leather armour (worn)
Jewellery
 e - a ring of sustain attributes (left hand)
 i - a ring of resist corrosion (right hand)
Scrolls
 k - a scroll of teleportation
Potions
 j - a potion of haste
Comestibles
 c - 2 bread rations
 f - 3 fruits
 g - a meat ration


   Skills:
 - Level 3.6 Fighting
 * Level 7.1 Maces & Flails
 - Level 2.4 Armour
 - Level 2.1 Dodging


You had 4 spell levels left.
You didn't know any spells.

Dungeon Overview and Level Annotations

Branches:
Dungeon (3/15)

Altars:
Vehumet

Annotations:
D:3 varam's ghost, amateur SpVM


Innate Abilities, Weirdness & Mutations

You reflexively headbutt those who attack you in melee.
You have a pair of horns on your head.


Message History

* * * LOW HITPOINT WARNING * * *
x2 You are too injured to fight recklessly!
You bump into the rock wall.
You feel sick. Varam's ghost closely misses you.
You're too confused!
You hit varam's ghost.
Varam's ghost is almost destroyed.
Varam's ghost gestures at you while chanting.
The ball explodes into a vile cloud!
The stinking cloud engulfs you!
The stinking cloud engulfs varam's ghost.
You bump into the rock wall.
You are engulfed in noxious fumes.
You choke on the stench!
You are more confused.
* * * LOW HITPOINT WARNING * * *
You feel sick.
You completely miss varam's ghost. Your headbutt misses varam's ghost.
Varam's ghost is almost destroyed.
You are engulfed in noxious fumes.
You choke on the stench!
You are more confused.
Varam's ghost hits you.
You die...

... .. ##...## .....#
##.....## ...#.# #.......#
#.##.# #.......###.# #.##.#
#### #.g.>§§§..... #.##.#
#.. ##..§§§####. ###.##.#
#.# ......§.##
.......#######.###r....#.##
###.#...........@Wo....#.#
#.#...#####..###r....#.#
#.#...# #..# #.....#.#
#.#....................#
#............####..#.##
####..#####... . #... ..###
##.# ####


You could see varam's ghost, an orc and 2 quokkas.

Vanquished Creatures
  Ijyb (D:3)
  Natasha (twice) (D:2)
  Robin (D:2)
  2 adders (D:2)
  An ooze (D:1)
  A worm (D:1)
  A dart slug (D:1)
  A giant gecko (D:1)
  4 bats
  2 giant cockroaches (D:1)
  12 goblins
  6 hobgoblins
  5 kobolds
  2 ball pythons
  3 giant newts (D:1)
  8 rats
52 creatures vanquished.

Vanquished Creatures (others)
  A rat (D:3)
1 creature vanquished.

Grand Total: 53 creatures vanquished

Notes
Turn   | Place    | Note
--------------------------------------------------------------
     0 | D:1      | Vatticson the Minotaur Berserker began the quest for the Orb.
     0 | D:1      | Reached XP level 1. HP: 19/19 MP: 0/0
     2 | D:1      | Noticed a felid
     2 | D:1      | Noticed an octopode
     4 | D:1      | Noticed a formicid
     4 | D:1      | Noticed a human
     6 | D:1      | Noticed an ogre
     8 | D:1      | Noticed an elf
     8 | D:1      | Noticed a spriggan
    10 | D:1      | Noticed a vampire
    10 | D:1      | Noticed a tengu
    14 | D:1      | Noticed a draconian
    14 | D:1      | Noticed a vine stalker
    16 | D:1      | Noticed a troll
    16 | D:1      | Noticed a merfolk
    18 | D:1      | Noticed a dwarf
    18 | D:1      | Noticed a gargoyle
    20 | D:1      | Noticed a minotaur
    20 | D:1      | Noticed a demonspawn
    24 | D:1      | Noticed a halfling
    26 | D:1      | Noticed a demigod
    26 | D:1      | Noticed a ghoul
    30 | D:1      | Noticed a naga
    30 | D:1      | Noticed a centaur
   366 | D:1      | Reached skill level 4 in Maces & Flails
   366 | D:1      | Reached XP level 2. HP: 26/26 MP: 1/1
   943 | D:2      | Noticed Natasha
   944 | D:2      | Noticed Robin
   944 | D:2      | Reached skill level 5 in Maces & Flails
   965 | D:1      | Reached XP level 3. HP: 30/31 MP: 2/2
  1055 | D:2      | Killed Natasha
  1055 | D:2      | Reached ** piety under Trog
  1061 | D:2      | Reached XP level 4. HP: 39/39 MP: 3/3
  1067 | D:2      | Reached skill level 6 in Maces & Flails
  1076 | D:2      | Killed Robin
  1669 | D:2      | Noticed Natasha
  1680 | D:2      | Killed Natasha
  1814 | D:2      | Reached XP level 5. HP: 45/45 MP: 4/4
  1903 | D:3      | Noticed Ijyb
  1906 | D:3      | Noticed varam's ghost (amateur SpVM)
  2019 | D:3      | Found a radiant altar of Vehumet.
  2072 | D:3      | Killed Ijyb
  2072 | D:3      | Reached skill level 7 in Maces & Flails
  2094 | D:3      | Slain by varam's ghost

Skill      XL: |  1  2  3  4  5 |
---------------+----------------+-----
Maces & Flails | 4 5 6 7 |  7.1
Fighting       | |  3.6
Armour         | |  2.4
Dodging        | |  2.1

Action                   |  1- 3 |  4- 6 || total
-------------------------+-------+-------++-------
Melee: Mace              |    65 |    71 ||   136
       Headbutt          |     7 |    10 ||    17
Invok: Berserk           |     1 |       ||     1
       Trog's Hand       |       |     2 ||     2
  Use: Scroll            |     3 |     1 ||     4
       Potion            |       |     2 ||     2
  Eat: Bread ration      |       |     1 ||     1
Armor: Leather armour    |    18 |    16 ||    34
Dodge: Dodged            |    48 |    40 ||    88
